Map: Dusty Gorge

Players

NavelZit

  • Race: Zerg Zerg
  • League: Silver
  • Spawn Location: 3:00

chopsngravy

  • Race: Terran Terran
  • League: Platinum
  • Spawn Location: 5:00

MonstroTown - Winner!

  • Race: Terran Terran
  • Spawn Location: 9:00

Michael - Winner!

  • Race: Zerg Zerg
  • League: Gold
  • Spawn Location: 11:00

VOD

Have the link to the VOD?

Description

Time

  • Played on: Sept. 16, 2018, 11:36 a.m.
  • Length: 3:35
Show
View Real Time Build Order
Export as new Build Order

NavelZit Zerg 

Build Orders: Hatch First 

Get SALT Encoding   

  12  0:09  Overlord  
  12  0:13  Drone  
  13  0:18  Drone  
  14  0:27  Drone  
  15  0:31  Extractor  
  15  0:33  Drone  
  15  0:43  Drone  
  16  0:56  Drone  
  17  1:09  Drone  
  18  1:13  Hatchery  
  17  1:30  Spawning Pool  
  17  1:31  Drone  
  17  1:33  Drone  
  18  1:40  Extractor  
  18  1:41  Drone  
  18  1:46  Drone  
  19  1:59  Drone  
  20  2:08  Overlord  
  20  2:19  Roach Warren  
  20  2:21  Lair  
  19  2:25  Drone  
  21  2:30  Drone  
  21  2:42  Queen  
  23  2:46  Drone  
  24  2:57  Overlord  
  24  3:00  Roach  
  24  3:05  Roach  
Show
View Real Time Build Order
Export as new Build Order

chopsngravy Terran 

Build Orders:  

Get SALT Encoding   

  12  0:02  SCV  
  13  0:15  SCV  
  13  0:20  Supply Depot  
  14  0:27  SCV  
  15  0:32  Refinery  
  15  0:42  SCV  
  16  0:46  Barracks  
  16  0:54  SCV  
  17  1:06  SCV  
  18  1:38  Factory  
  18  1:46  Command Center  
  18  1:47  SCV  
  18  1:50  Marine  
  20  2:00  SCV  
  21  2:12  SCV  
  22  2:24  SCV  
  22  2:29  Refinery  
  23  2:32  Factory Tech Lab  
  23  2:35  Supply Depot  
  23  2:37  Supply Depot  
  23  2:40  Barracks  
  23  2:57  Siege Tank, Marine  
  27  3:14  Marine  
Show
View Real Time Build Order
Export as new Build Order

MonstroTown Terran - Winner!

Build Orders:  

Get SALT Encoding   

  12  0:01  SCV  
  13  0:13  SCV  
  14  0:18  Supply Depot  
  14  0:25  SCV  
  15  0:40  SCV  
  15  0:42  Barracks  
  16  0:52  SCV  
  17  0:57  Barracks  
  17  1:09  SCV  
  18  1:21  Barracks  
  18  1:23  SCV  
  19  1:33  Supply Depot  
  19  1:34  Marine  
  20  1:41  Orbital Command  
  20  1:48  Marine  
  20  1:52  Marine  
  22  2:02  Barracks  
  22  2:06  Marine  
  23  2:09  SCV  
  23  2:11  Marine  
  25  2:22  Marine  
  25  2:26  Supply Depot, Marine  
  27  2:30  Marine  
  28  2:40  Marine  
  29  2:44  Marine  
  29  2:48  Marine  
  29  2:49  Marine  
  32  2:52  Supply Depot  
  32  2:58  Marine  
  32  3:02  Marine  
  34  3:06  Marine  
Show
View Real Time Build Order
Export as new Build Order

Michael Zerg - Winner!

Build Orders: Hatch First 

Get SALT Encoding   

  12  0:01  Drone  
  13  0:13  Overlord  
  13  0:18  Drone  
  14  0:31  Drone x2  
  16  0:39  Drone  
  17  0:45  Drone  
  18  0:59  Hatchery  
  18  1:00  Drone  
  18  1:06  Extractor  
  17  1:16  Spawning Pool  
  16  1:20  Drone  
  16  1:23  Drone  
  18  1:34  Drone  
  19  1:40  Drone  
  20  1:49  Overlord  
  20  2:03  Queen  
  22  2:12  Metabolic Boost  
  22  2:14  Queen  
  24  2:16  Zergling x4  
  24  2:17  Zergling x2  
  27  2:26  Zergling x4  
  28  2:32  Zergling x2  
  28  2:35  Drone  
  30  2:44  Roach Warren  
  30  2:48  Drone  
  30  2:57  Zergling x6  
  33  3:12  Zergling x4  
Tags
 
Add a new tag
Caveats
  • Supply blocks, unpowered buildings, or Contaminate may cause inaccurate times.
  • Supply counts are checked every 10 seconds.